 Dungeon Crawl Stone Soup version 0.28-a0-1152-g9c71ebef14 (webtiles) character file.

Game seed: 1667737673098879296

528 ryw the Archer (level 7, -2/41 HPs)
             Began as a Deep Elf Hunter on Dec 15, 2021.
             Succumbed to a scorpion's poison
             ... on level 3 of the Dungeon.
             The game lasted 00:12:32 (6223 turns).

ryw the Archer (Deep Elf Hunter)                    Turns: 6223, Time: 00:12:33

Health: -2/41      AC:  5    Str:  9    XL:     7   Next: 3%
Magic:  9/9        EV: 13    Int: 16    God:
Gold:   118        SH:  0    Dex: 17    Spells: 6/6 levels left

rFire   . . .      SeeInvis .   b - +1 shortbow
rCold   . . .      Faith    .   (shield currently unavailable)
rNeg    . . .      Spirit   .   c - +0 leather armour
rPois   .          Reflect  .   p - +0 helmet
rElec   .          Harm     .   (no cloak)
rCorr   .          Rampage  .   (no gloves)
Will    .....                   j - +0 pair of boots
Stlth   ++........              (no amulet)
HPRegen 0.13/turn               (no ring)
MPRegen 0.11/turn               (no ring)

@: lethally poisoned (-2 -> -15)
A: no striking features
a: no special abilities


You were on level 3 of the Dungeon.
You visited 1 branch of the dungeon, and saw 4 of its levels.

You collected 118 gold pieces.

Inventory:

Hand Weapons
 a - a +2 dagger of venom
 b - a +1 shortbow (weapon)
Missiles
 d - an arrow (quivered ammo)
 l - 21 poisoned darts
Armour
 c - a +0 leather armour (worn)
 j - a +0 pair of boots (worn)
 p - a +0 helmet (worn)
Scrolls
 o - a scroll of fog
 q - 2 scrolls of identify
Potions
 e - a potion of lignification
 f - 2 potions of curing
 g - a potion of might {unknown}
 h - 3 potions of flight {unknown}
 i - a potion of haste {unknown}
 k - a potion of degeneration {unknown}
 m - a potion of brilliance {unknown}
 n - a potion of heal wounds {unknown}


   Skills:
 + Level 3.3 Fighting
 * Level 8.9 Bows
 + Level 4.8 Dodging
 - Level 1.2 Stealth


You had 6 spell levels left.
You didn't know any spells.
Your spell library was empty.

Dungeon Overview and Level Annotations

Branches:
Dungeon (4/15)
 Temple: D:4-7

Altars:
Elyvilon
Kikubaaqudgha
Okawaru
Qazlal
Ru
Wu Jian
Yredelemnul
The Shining One

Shops:
D:3 *

Annotations:
D:2 1 runed translucent door, Crazy Yiuf


Message History

Aim: a scorpion (lightly wounded, poisoned, 60% to hit)
You throw a poisoned dart. The poisoned dart hits the scorpion.
The scorpion looks even sicker.
The scorpion is lightly wounded.
Your +2 dagger of venom stops dripping with poison.
b - a +1 shortbow (weapon)
You shoot an arrow. The arrow closely misses the scorpion.
The scorpion stings you.
You shoot an arrow. The arrow hits the scorpion.
The scorpion is moderately wounded.
The scorpion stings you but does no damage.
You shoot an arrow. The arrow closely misses the scorpion.
The scorpion stings you.
You are poisoned.
The scorpion poisons you!
You shoot an arrow. The arrow barely misses the scorpion.
You feel very sick. The scorpion stings you.
You are more poisoned.
The scorpion poisons you!
You shoot an arrow. The arrow closely misses the scorpion.
You feel very sick. The scorpion stings you. x2
You are more poisoned.
The scorpion poisons you!
You shoot an arrow. The arrow hits the scorpion.
The scorpion is almost dead.
You feel very sick.
You kill the scorpion!
You have reached level 7!
There is a lethal amount of poison in your body!
* * * LOW HITPOINT WARNING * * *
You feel very sick.
* * * LOW HITPOINT WARNING * * *
You feel very sick.
There is a stone staircase leading up, spattered with blood here.
* * * LOW HITPOINT WARNING * * *
You feel very sick.
You climb upwards.
You die...

#......##.....##.#......
#.#.##.##.....##.#####.#
#.#.##.####......# #.#
#.#.##.# ############.#
#.#.##.# #..... ##......#
#.###. #.[..[.## #.# #.
#.##....## #.# #.
#.##..#.@###########.# #.
#.##.###|............###.
#.##..#..#############...
#.###...## #.## #......##
#.## ######## #.## #.##
#.## #...


There were no monsters in sight!

Vanquished Creatures
  A necrophage (D:2)
  An ogre (D:4)
  A scorpion (D:4)
  A gnoll shaman (D:3)
  Terence (D:2)
  An iguana (D:4)
  An orc wizard (D:4)
  4 gnolls
  6 adders
  3 worms
  2 dart slugs
  8 orcs
  5 endoplasms
  2 giant cockroaches
  6 hobgoblins
  8 kobolds
  3 quokkas
  6 ball pythons
  4 bats
  2 frilled lizards
  7 goblins
  7 rats
80 creatures vanquished.

Notes
Turn   | Place    | Note
-------+----------+-------------------------------------------
     0 | D:1      | ryw the Deep Elf Hunter began the quest for the Orb.
     0 | D:1      | Reached XP level 1. HP: 12/12 MP: 3/3
   179 | D:1      | Reached skill level 6 in Bows
   179 | D:1      | Reached XP level 2. HP: 17/17 MP: 4/4
   285 | D:1      | Found a faded altar of an unknown god.
   613 | D:1      | Reached XP level 3. HP: 18/21 MP: 5/5
  1218 | D:2      | Noticed Terence
  1851 | D:2      | Noticed a necrophage
  1888 | D:2      | Killed a necrophage
  1889 | D:2      | Reached skill level 7 in Bows
  1889 | D:2      | Reached XP level 4. HP: 3/27 MP: 6/6
  1889 | D:2      | Reached XP level 5. HP: 3/31 MP: 7/7
  2308 | D:2      | Found a runed translucent door.
  2309 | D:2      | Noticed Crazy Yiuf
  2580 | D:2      | Killed Terence
  2984 | D:3      | Found Emuzim's Assorted Antiques.
  3151 | D:3      | Found a basalt altar of Yredelemnul.
  3200 | D:3      | Found a sacrificial altar of Ru.
  3207 | D:3      | Found an ornate altar of the Wu Jian Council.
  3207 | D:3      | Found an iron altar of Okawaru.
  3207 | D:3      | Found an ancient bone altar of Kikubaaqudgha.
  3209 | D:3      | Found a white marble altar of Elyvilon.
  3212 | D:3      | Found a stormy altar of Qazlal.
  3215 | D:3      | Found a glowing golden altar of the Shining One.
  3923 | D:4      | Noticed a two-headed ogre
  3931 | D:3      | Reached skill level 8 in Bows
  3931 | D:3      | Reached XP level 6. HP: 11/36 MP: 8/8
  6220 | D:4      | Reached XP level 7. HP: 15/41 MP: 9/9
  6222 | D:4      | HP: 1/41 [poisoned by a scorpion]
  6223 | D:3      | Succumbed to a scorpion's poison

Illustrated notes

Levels and vault maps discovered:
D:1:      giann_horns, layout_basic, basic_ecumenical_altar,
          minmay_crystal_water, hangedman_decor_clover_reticule
D:2:      layout_loops_ring, uniq_terence, uniq_crazy_yiuf_cottage
D:3:      layout_loops_cross, minitemple, serial_shops,
          nicolae_shop_hallway_stairs
D:4:      layout_loops_ring

Skill      XL: |  1  2  3  4  5  6 |
---------------+-------------------+-----
Bows           | 6 7 8 |  8.9
Fighting       | 2 3 |  3.3
Dodging        | 3 4 |  4.8
Stealth        | |  1.2

Action                   |  1- 3 |  4- 6 |  7- 9 || total
-------------------------+-------+-------+-------++-------
Melee: Short sword       |    60 |       |       ||    60
       Dagger            |       |    15 |       ||    15
 Fire: Shortbow          |    85 |   176 |       ||   261
Throw: Dart              |       |    11 |       ||    11
  Use: Scroll            |     4 |     2 |       ||     6
       Potion            |     1 |       |       ||     1
 Stab: Sleeping          |     3 |       |       ||     3
Armor: Leather armour    |    27 |    16 |       ||    43
Dodge: Dodged            |    64 |    54 |       ||   118

Table legend: (Time is in decaauts)
 A = Elapsed time spent in this place.
 B = Non-inter-level travel time spent in this place.
 C = Inter-level travel time spent in this place.
 D = Time resting spent in this place.
 E = Time spent auto-exploring this place.
 F = Levels seen in this place.
 G = Mean time per level.
                   A        B        C        D        E       F      G
               +--------+--------+--------+--------+--------+-----+--------+
         Total |   6212 |   5565 |    647 |   1791 |   2703 |   4 | 1553.0 |
       Dungeon |   6212 |   5565 |    647 |   1791 |   2703 |   4 | 1553.0 |
               +--------+--------+--------+--------+--------+-----+--------+

Top non-repeatable levels by time:
     D:3: 1982 daAuts
     D:2: 1792 daAuts
     D:4: 1245 daAuts
     D:1: 1192 daAuts
